AoeStats
← 王德发

Nomad

510917818Analyzed
4v4 RM · 17h ago on Oct 3, 2026· 42m 21s· 8 players
Game mode
Random Map
Map size
231×231
Population
200
Speed
Normal
Resources
Standard
Victory
Conquest
Starting age
Dark Age
Ending age
Imperial Age
RankedLock teamsTeams togetherTeam positionsShared explorationLock speedFull tech treeHidden civsTurbo modeCheats
Victory
Defeat
🇦🇷 Spanish · Argentina
1602
+11
🇦🇷 Lithuanians · Argentina
1560
+13
🇦🇷 Huns · Argentina
1512
+14
🇦🇷 Muisca · Argentina
1367
+20
🇺🇸 Cumans · United States
1544
-17
🇨🇳 Vietnamese · China
1504
-16
🇨🇳 Mongols · China
1452
-13
🇧🇷 Italians · Brazil
1417
-12
__04_Zonko570_Arg
3:48 Loom
12:41 Feudal Age
13:32 Double-Bit Axe
19:14 Castle Age
17:20 Horse Collar
28:28 Imperial Age
28:07 Scale Mail Armor
28:18 Forging
28:01 Fletching
30:59 Champi Runner
33:18 Conscription
33:49 Chain Mail Armor
34:10 Pikeman
39:23 Squires
38:44 Champi Warrior
39:44 Padded Archer Armor
39:13 Elite Skirmisher
40:37 Plate Mail Armor
40:53 Ballistics
__35_Kingpin_Arg
5:18 Loom
12:44 Feudal Age
17:23 Castle Age
16:38 Fishing Lines
18:45 Gillnets
18:59 Double-Bit Axe
25:38 Town Watch
27:26 Wheelbarrow
30:09 Hand Cart
37:32 Imperial Age
37:48 Onager
39:43 Conscription
41:13 Hoardings
40:34 Stone Mining
_29_3ffect_Arg
3:46 Loom
13:57 Feudal Age
14:53 Town Watch
16:49 Double-Bit Axe
17:48 Fletching
20:01 Castle Age
19:55 Gold Mining
20:55 Bodkin Arrow
21:49 Bow Saw
23:04 Stone Mining
27:49 Ballistics
27:33 Padded Archer Armor
27:49 Bloodlines
27:39 Husbandry
29:23 Horse Collar
31:39 Wheelbarrow
34:26 Imperial Age
34:11 Scale Barding Armor
34:16 Forging
37:23 Gold Shaft Mining
37:25 Chain Barding Armor
38:00 Conscription
39:12 Hand Cart
40:05 Marauders
42:06 Two-Man Saw
41:04 Elite Tarkan
42:42 Plate Barding Armor
_13_Enzus_Arg
10:13 Loom
13:08 Feudal Age
17:00 Castle Age
18:03 Fletching
18:07 Double-Bit Axe
18:36 Gold Mining
19:34 Town Watch
22:31 Horse Collar
24:19 Bow Saw
24:11 Heavy Plow
23:56 Fishing Lines
28:05 Heavy Plow
30:23 Wheelbarrow
34:51 Imperial Age
32:25 Stone Mining
33:38 Scale Barding Armor
34:01 Hand Cart
34:47 Chain Barding Armor
34:38 Forging
34:59 Gillnets
35:34 Bloodlines
35:25 Husbandry
34:58 Cavalier
35:39 Husbandry
36:05 Conscription
35:51 Husbandry
36:28 Plate Barding Armor
38:06 Stone Shaft Mining
38:08 Iron Casting
38:47 Light Cavalry
39:43 Masonry
41:26 Elite Leitis
ShiftyShnike
5:22 Loom
15:35 Feudal Age
20:12 Castle Age
19:21 Double-Bit Axe
24:09 Castle Age
25:20 Bow Saw
25:34 Fletching
25:34 Fishing Lines
26:12 Bodkin Arrow
26:19 Padded Archer Armor
27:06 Gold Mining
27:56 Wheelbarrow
32:35 Ballistics
33:57 Leather Archer Armor
41:26 Imperial Age
42:10 Hand Cart
41:59 Elite Kipchak
43:04 Conscription
Tylenol
4:51 Loom
12:25 Feudal Age
17:26 Castle Age
16:35 Double-Bit Axe
18:16 Wheelbarrow
18:39 Bow Saw
18:38 Stone Mining
18:51 Gold Mining
19:58 Hand Cart
20:00 Horse Collar
23:31 Heavy Plow
28:38 Imperial Age
26:46 Fletching
28:22 Bodkin Arrow
29:08 Stone Shaft Mining
29:21 Ballistics
30:25 Padded Archer Armor
31:52 Two-Man Saw
31:23 Crop Rotation
31:43 Bracer
32:29 Leather Archer Armor
34:15 Chemistry
33:51 Conscription
34:23 Ring Archer Armor
34:42 Masonry
35:28 Hoardings
35:01 Treadmill Crane
37:24 Forging
38:44 Silk Road
39:01 Scale Barding Armor
39:07 Forging
38:58 Husbandry
39:09 Bloodlines
38:21 Light Cavalry
39:04 Town Watch
40:12 Chain Barding Armor
41:42 Iron Casting
42:18 Plate Barding Armor
蒜香骨
4:09 Loom
12:33 Feudal Age
13:16 Double-Bit Axe
15:48 Fletching
22:33 Castle Age
21:16 Bloodlines
26:30 Bow Saw
28:38 Wheelbarrow
28:33 Gold Mining
30:05 Fishing Lines
32:43 Padded Archer Armor
35:14 Bodkin Arrow
39:11 Imperial Age
37:16 Gillnets
王德发
4:51 Loom
14:21 Feudal Age
14:50 Double-Bit Axe
19:29 Castle Age
18:13 Horse Collar
18:42 Gold Mining
18:55 Stone Mining
19:53 Fletching
22:15 Town Watch
27:04 Ballistics
35:47 Imperial Age
34:55 Bodkin Arrow
Connection lost

Rejoining the realm…

Still unreachable

The connection could not be restored.

Session expired

The server has moved on; the page needs a fresh start.